 Dungeon Crawl Stone Soup version 0.16-a0-1738-g5881244 (webtiles) character file.

60 vatarom the Conjurer (level 3, -8/24 HPs)
             Began as a Mummy Conjurer on Oct 30, 2014.
             Mangled by Crazy Yiuf
             ... wielding a +3 quarterstaff of chaos
              (15 damage)
             ... on level 2 of the Dungeon.
             The game lasted 00:04:48 (1619 turns).

vatarom the Conjurer (Mummy Conjurer)               Turns: 1619, Time: 00:04:51

Health: -8/24      AC:  4    Str: 11    XL:     3   Next: 80%
Magic:  2/6        EV: 12    Int: 15    God:
Gold:   120        SH:  0    Dex: 12    Spells: 3 memorised, 0 levels left

rFire  x . .     SeeInvis .     d - +3 whip
rCold  + . .     Clarity  .     a - +0 robe
rNeg   + + +     SustAb   .     (no shield)
rPois  +         Gourm    .     (no helmet)
rElec  .         Spirit   .     (no cloak)
rCorr  .         Warding  .     k - +1 pair of gloves
rMut   .         Stasis   .     (no boots)
MR     .....                    (no amulet)
Stlth  ++........               (no ring)
                                j - ring of wizardry

@: very slightly contaminated, hasted, very quick, not resistant to hostile
enchantments, unstealthy
A: no food or potions, fire vulnerability, restore body, cold resistance 1,
negative energy resistance 3, poison resistance, torment resistance, unbreathing
a: no special abilities


You were on level 2 of the Dungeon.
You were not hungry.

You visited 1 branch of the dungeon, and saw 2 of its levels.

You collected 120 gold pieces.

Inventory:

Hand weapons
 b - a +0 club
 d - a +3 whip (weapon)
Armour
 a - a +0 robe (worn)
 k - a +1 pair of gloves (worn)
Jewellery
 f - an uncursed ring of ice
 j - a ring of wizardry (left hand)
Scrolls
 e - 3 scrolls of identify
 g - 3 scrolls of remove curse
 h - a scroll of enchant armour
 i - a scroll of teleportation
Books
 c - a book of Conjurations

   Spells                             Type                      Level
   *Magic Dart                        Conjuration                  1
   *Searing Ray                       Conjuration                  2
   *Dazzling Spray                    Conjuration/Hexes            3
   Fulminant Prism                    Conjuration/Hexes            4
   Iskenderun's Mystic Blast          Conjuration                  4
   Iskenderun's Battlesphere          Conjuration/Charms           5


   Skills:
 - Level 1.5 Dodging
 - Level 1.5 Stealth
 - Level 2.0 Spellcasting
 + Level 4.5 Conjurations


You couldn't memorise any spells.
You knew the following spells:

 Your Spells              Type           Power        Failure   Level  Hunger
a - Magic Dart            Conj           ###.         1%          1    N/A
b - Searing Ray           Conj           ###...       2%          2    N/A
c - Dazzling Spray        Conj/Hex       #.......     12%         3    N/A

Dungeon Overview and Level Annotations

Branches:
Dungeon (2/15)

Altars:

Annotations:
D:2 Crazy Yiuf


Innate Abilities, Weirdness & Mutations

You do not eat or drink.
Your flesh is vulnerable to fire.
Your flesh is cold resistant.
You are immune to negative energy.
Your system is resistant to poisons.
You are immune to unholy pain and torment.
You can survive without breathing.


Message History

Crazy Yiuf cries, "Walk stair forty-two!"
Casting: Dazzling Spray
Confirm with . or Enter, or press ? or * to list all spells.
Aiming: Magic Dart
Press: ? - help, Shift-Dir - straight line, f/p - Crazy Yiuf
Aim: Crazy Yiuf, wielding a quarterstaff of chaos and wearing a glowing cloak (moderately wounded)
The magic dart hits Crazy Yiuf.
Crazy Yiuf is moderately wounded.
Crazy Yiuf says, "Announcement!
Candle action light."
You hit Crazy Yiuf.
Crazy Yiuf is heavily wounded.
Crazy Yiuf hits you with a quarterstaff of chaos.
You feel yourself speed up.
You barely miss Crazy Yiuf.
Crazy Yiuf is heavily wounded.
Crazy Yiuf hits you with a quarterstaff of chaos!
* * * LOW HITPOINT WARNING * * *
You are electrocuted!
Ouch! That really hurt!
You die...

.)..# ###########.#.#####.#
....# ..#......?....# ...##
###.#.########### ####
...#.....# #.#.###.#
#####...###.## #......†.....#
#............#
##...@........# #####
#....g...###+## ♣♣♣##...#
#........# #.# ### ♣.)))...#
#........# #.###.# .P))))..#
#........###.....#
♣))))...####........#....##.#
♣♣))))....##.............##.#
♣♣##...#.##........#.#####.#
#...#.##........#.......#


You could see Crazy Yiuf.

Vanquished Creatures
  Jessica (D:2)
  2 adders (D:2)
  3 bats (D:1)
  3 giant cockroaches
  5 hobgoblins
  2 ball pythons (D:2)
  3 goblins
  2 kobolds (D:1)
  5 rats
26 creatures vanquished.

Notes
Turn   | Place    | Note
--------------------------------------------------------------
     0 | D:1      | vatarom, the Mummy Conjurer, began the quest for the Orb.
     0 | D:1      | Reached XP level 1. HP: 13/13 MP: 3/3
   508 | D:1      | Reached XP level 2. HP: 17/19 MP: 4/4
   828 | D:2      | Reached skill level 4 in Conjurations
   835 | D:2      | Learned a level 2 spell: Searing Ray
  1075 | D:2      | Reached XP level 3. HP: 24/24 MP: 3/6
  1142 | D:2      | Noticed Jessica
  1150 | D:2      | Killed Jessica
  1589 | D:2      | Learned a level 3 spell: Dazzling Spray
  1589 | D:2      | Noticed Crazy Yiuf
  1619 | D:2      | Mangled by Crazy Yiuf

Action                   || total
-------------------------++-------
Melee: Whip              ||    28
       Short sword       ||     5
 Cast: Magic Dart        ||    28
       Searing Ray       ||     2
       Dazzling Spray    ||     1
  Use: Scroll            ||     8
